 Dungeon Crawl Stone Soup version 0.31-a0-496-g6f97920a28 (webtiles) character file.

Game seed: 11534082355997045506

12908 javelincjr the Mimic (level 11, -9/96 HPs)
             Began as a Troll Shapeshifter on Aug 8, 2023.
             Was a High Priest of Hepliaklqana.
             Shot with an arrow by a centaur (14 damage)
             ... on level 12 of the Dungeon.
             The game lasted 00:39:04 (7853 turns).

javelincjr the Mimic (Troll Shapeshifter)           Turns: 7853, Time: 00:39:06

Health: -9/96      AC:  2    Str: 27    XL:     11   Next: 68%
Magic:  14/15      EV: 11    Int:  6    God:    Hepliaklqana [*****.]
Gold:   649        SH:  0    Dex: 10    Spells: 10/12 levels left

rFire   . .          .
                       - Unarmed
rCold   . . .        (no shield)
rNeg    . . .        Y - melded +0 troll leather armour
rPois   .            (helmet restricted)
rElec   .            (no cloak)
rCorr   +            (gloves unavailable)
SInv    .            (boots unavailable)
Will    .....        r - amulet of regeneration
Stlth   +            n - ring of resist corrosion
HPRegen 1.96/turn    D - ring of flight
MPRegen 0.14/turn

%: no passive effects
@: maw-form, flying
A: devouring maw, reduced essence, large, unfitting armour, claws 3,
regeneration 1, shaggy fur 1, tough skin 1
a: Begin Untransformation, Renounce Religion, Recall Ancestor, Ancestor
Identity, Transference, Idealise


You were on level 12 of the Dungeon.
You worshipped Hepliaklqana.
Hepliaklqana was extremely pleased with you.
You were a creature with a mouth for a stomach.
You visited 1 branch of the dungeon, and saw 12 of its levels.

You collected 649 gold pieces.

Inventory:

Hand Weapons
 g - a +1 flail of draining
 m - a +2 dagger of draining
 N - a +5 halberd of freezing
Missiles
 s - 9 javelins
 v - 8 large rocks (quivered)
 B - 4 poisoned darts
 X - a curare-tipped dart
Armour
 P - a +2 cloak of stealth
 W - +0 steam dragon scales
 Y - a +0 troll leather armour (melded)
Jewellery
 n - a ring of resist corrosion (left claw)
 q - a ring of positive energy
 r - an amulet of regeneration (around neck)
 C - a ring of fire
 D - a ring of flight (right claw)
 G - a ring of magical power
 Q - a ring of protection from cold
 S - a ring of poison resistance
Talismans
 c - a beast talisman
 d - a flux talisman
 k - a maw talisman (active)
 u - a talisman of death
 M - a blade talisman
 V - a serpent talisman
Wands
 a - a wand of digging (5)
 y - a wand of flame (42)
 J - a wand of light (11)
 Z - a wand of paralysis (4)
Scrolls
 i - 2 scrolls of enchant weapon
 j - 4 scrolls of noise
 l - a scroll of brand weapon
 w - 2 scrolls of poison
 x - 2 scrolls of vulnerability
 A - a scroll of immolation {unknown}
 F - 3 scrolls of fear {unknown}
 H - 2 scrolls of teleportation {unknown}
 L - 3 scrolls of revelation
 O - 3 scrolls of fog {unknown}
 U - 2 scrolls of amnesia {unknown}
Potions
 b - 3 potions of lignification
 e - 4 potions of attraction
 f - a potion of curing
 h - 3 potions of enlightenment
 o - 3 potions of haste
 p - 2 potions of magic
 t - a potion of berserk rage
 z - a potion of ambrosia
 E - a potion of might {unknown}
 I - a potion of resistance {unknown}
 K - a potion of heal wounds
 R - 3 potions of cancellation {unknown}
 T - a potion of invisibility {unknown}


   Skills:
 + Level 6.5 Fighting
 + Level 6.7 Dodging
 + Level 8.2 Unarmed Combat
 + Level 1.2 Spellcasting
 + Level 6.7 Invocations
 * Level 9.8 Shapeshifting


You had 10 spell levels left.
You knew the following spells:

 Your Spells              Type           Power      Damage    Failure   Level
a - Blink                 Tloc           0%         N/A       56%         2

Your spell library contained the following spells:

 Spells                   Type           Power      Damage    Failure   Level
 Magic Dart               Conj           0%         1d3       41%         1
 Sandblast                Erth           0%         2d4       41%         1
 Shock                    Conj/Air       0%         1d3       41%         1
 Call Imp                 Summ           0%         N/A       56%         2
 Passwall                 Tmut/Erth      0%         N/A       56%         2
 Poisonous Vapours        Pois/Air       0%         N/A       56%         2
 Mephitic Cloud           Conj/Pois/Air  0%         N/A       80%         3
 Stone Arrow              Conj/Erth      0%         3d7       80%         3
 Swiftness                Air            0%         N/A       80%         3
 Volatile Blastmotes      Fire/Tloc      0%         2d10      80%         3
 Airstrike                Air            0%         2d(0-16)  99%         4
 Fulminant Prism          Conj/Hex       0%         3d5       99%         4
 Iskenderun's Mystic Bla  Conj/Tloc      0%         2d3       99%         4
 Manifold Assault         Tloc           0%         N/A       99%         4
 Freezing Cloud           Conj/Ice/Air   0%         6-21      100%        5


Dungeon Overview and Level Annotations

Branches:
Dungeon (12/15)            Temple (0/1) D:5            Lair (0/5) D:8
    Orc (0/2) D:11

Altars:
Cheibriados
Elyvilon
Gozag
Hepliaklqana
Kikubaaqudgha
Makhleb
Okawaru
Qazlal
Ru
Uskayaw
Vehumet
Xom
Yredelemnul
Zin
The Shining One


Innate Abilities, Weirdness & Mutations

You are a creature with a mouth for a stomach.
Your midsection houses a second, enormous mouth.
Your life essence is reduced to manifest your ancestor. (-10% HP)
You are too large for most types of armour.
You have claws for hands.
Your natural rate of healing is unusually fast.
You are covered in fur. (AC +1)
You have tough skin. (AC +1)


Message History

Something kicks Ilshubani but does no damage.
The centaur closely misses you. The centaur kicks you.
The centaur shoots an arrow.
The arrow hits you.
Something hits Ilshubani.
Something closely misses Ilshubani.
You claw the centaur!
You kill the centaur!
The centaur shoots an arrow.
The arrow closely misses you.
The arrow hits Ilshubani!
Ilshubani closely misses the centaur.
Something hits Ilshubani.
Something kicks Ilshubani but does no damage.
Ilshubani has departed this plane of existence.
The centaur shoots an arrow.
The arrow hits you.
A centaur comes into view.
You see here a +0 shortbow.
A centaur comes into view.
The centaur wields a +5 orcbow.
The centaur shoots an arrow.
The arrow hits you!
The centaur shoots an arrow.
The arrow barely misses you.
A centaur comes into view. It is wielding a +0 orcbow.
The centaur shouts!
The centaur shoots an arrow.
The arrow hits you!
The centaur shoots an arrow.
The arrow closely misses you.
You see here a +0 shortbow.
The centaur shouts!
A centaur comes into view. It is wielding a +0 shortbow.
The centaur shouts!
The centaur shoots an arrow.
The arrow hits you!
The centaur shoots an arrow.
The arrow hits you.
The centaur shoots an arrow.
The arrow hits you!
The centaur wields a +0 shortbow.
The centaur shoots an arrow.
The arrow hits you.
The centaur shoots an arrow.
The arrow closely misses you.
The centaur shoots an arrow.
The arrow hits you!
* * * LOW HITPOINT WARNING * * *
The centaur shoots an arrow.
The arrow barely misses you.
The centaur shoots an arrow.
The arrow hits you!
* * * LOW HITPOINT WARNING * * *
The centaur shoots an arrow.
The arrow closely misses you.
The centaur shoots an arrow.
The arrow hits you.
* * * LOW HITPOINT WARNING * * *
The centaur shoots an arrow.
The arrow hits you!
You die...

................####.####...
.........#.#........#
#........# ###.###..#
#..c.....#.###..##..#
#..c...c.#..........#
...#........####...###.#
#..?..........##.......#
........ยง##.#.###..#####
..#####......W##........)
#.......##.......##
#.............[..#
#######.#........#
#.#.#......# #.#........#
#.###...>... #.# ##....# #.#
....#


You could see 3 centaurs.

Vanquished Creatures
  A boulder beetle (D:9)
  A two-headed ogre (D:11)
  A deep elf pyromancer (D:9)
  A cyclops (D:12)
  A rime drake (D:8)
  A polar bear (D:8)
  A troll (D:9)
  A slime creature (D:9)
  A vampire (D:11)
  A wyvern (D:9)
  11 yaks
  A steam dragon (D:9)
  2 vampire mosquitoes (D:11)
  A warg (D:11)
  A water moccasin (D:9)
  2 black bears
  An ice beast (D:7)
  6 orc warriors
  An ogre (D:6)
  A wolf (D:8)
  3 centaurs
  4 bullfrogs
  2 wights (D:7)
  8 killer bees (D:10)
  A howler monkey (D:9)
  Crazy Yiuf (D:7)
  2 hounds
  4 orc priests
  7 orc wizards
  2 sleepcaps (D:5)
  A battlemage (D:10)
  2 gnoll boudas
  3 iguanas
  11 gnolls
  A white imp (D:6)
  2 ufetubi
  2 worms (D:2)
  2 dart slugs
  29 orcs
  6 endoplasms
  A giant cockroach (D:2)
  9 hobgoblins
  6 jackals
  3 kobolds
  3 quokkas
  2 ball pythons (D:1)
  5 bats
  2 frilled lizards
  8 goblins
  6 rats
175 creatures vanquished.

Vanquished Creatures (collateral kills)
  2 ugly things
  An unseen horror (D:11)
  A komodo dragon (D:11)
  A troll (D:9)
  3 wyverns (D:9)
  6 yaks
  A vampire mosquito (D:11)
  A steam dragon (D:9)
  Menkaure (D:4)
  A warg (D:11)
  An orc warrior (D:10)
  4 ice beasts (D:8)
  2 wolves (D:8)
  A kobold brigand (D:9)
  A gnoll sergeant (D:10)
  2 bullfrogs
  A scorpion (D:5)
  3 wights (D:7)
  2 killer bees (D:10)
  A hound (D:6)
  A jelly (D:5)
  2 orc priests (D:9)
  2 sleepcaps
  6 orc wizards
  4 gnolls
  An adder (D:2)
  A worm (D:2)
  17 orcs
  2 ball pythons (D:3)
  2 goblins (D:3)
  4 hobgoblins
  A jackal (D:4)
  4 bats
  A frilled lizard (D:2)
  A rat (D:2)
85 creatures vanquished.

Vanquished Creatures (others)
  7 battlemagi
7 creatures vanquished.

Grand Total: 267 creatures vanquished

Notes
Turn   | Place    | Note
-------+----------+-------------------------------------------
     0 | D:1      | javelincjr the Troll Shapeshifter began the quest for the
                  | Orb.
     0 | D:1      | Reached XP level 1. HP: 18/18 MP: 0/0
   197 | D:1      | Reached skill level 1 in Fighting
   272 | D:1      | Reached XP level 2. HP: 16/27 MP: 1/1
   398 | D:1      | Found a faded altar of an unknown god.
   400 | D:1      | Prayed at the altar of an unknown god.
   400 | D:1      | Became a worshipper of Hepliaklqana the Forgotten
   400 | D:1      | Reached * piety under Hepliaklqana
   921 | D:2      | Reached XP level 3. HP: 27/29 MP: 2/2
  1053 | D:2      | Reached ** piety under Hepliaklqana
  1054 | D:2      | Remembered your ancestor Ilshubani as a battlemage
  1339 | D:3      | Reached XP level 4. HP: 36/36 MP: 3/3
  1463 | D:3      | Reached skill level 1 in Invocations
  1979 | D:4      | Reached XP level 5. HP: 44/44 MP: 4/4
  2061 | D:4      | Reached skill level 4 in Shapeshifting
  2341 | D:4      | Reached XP level 6. HP: 47/51 MP: 6/6
  2468 | D:4      | Reached *** piety under Hepliaklqana
  2762 | D:5      | Entered Level 5 of the Dungeon
  2762 | D:5      | Noticed Menkaure
  2766 | D:4      | Killed Menkaure
  2842 | D:5      | Found a glowing silver altar of Zin.
  2949 | D:5      | Found a staircase to the Ecumenical Temple.
  2990 | D:5      | Reached XP level 7. HP: 54/59 MP: 7/7
  3298 | D:5      | Found a white marble altar of Elyvilon.
  3442 | D:5      | Reached skill level 5 in Shapeshifting
  3835 | D:6      | Found a shimmering altar of Xom.
  3871 | D:6      | Found a basalt altar of Yredelemnul.
  3893 | D:6      | Found a sacrificial altar of Ru.
  3894 | D:6      | Found a burning altar of Makhleb.
  3897 | D:6      | Found a hide-covered altar of Uskayaw.
  3898 | D:6      | Found a glowing golden altar of the Shining One.
  3979 | D:6      | Reached XP level 8. HP: 65/67 MP: 9/9
  4118 | D:6      | Found an iron altar of Okawaru.
  4286 | D:7      | Reached skill level 5 in Unarmed Combat
  4395 | D:7      | Reached skill level 6 in Shapeshifting
  4524 | D:7      | Reached **** piety under Hepliaklqana
  4622 | D:7      | Found a snail-covered altar of Cheibriados.
  4821 | D:7      | Found a runed translucent door.
  4822 | D:7      | Noticed Crazy Yiuf
  4828 | D:7      | Killed Crazy Yiuf
  5084 | D:8      | Noticed a rime drake
  5162 | D:8      | Reached XP level 9. HP: 66/75 MP: 10/10
  5163 | D:8      | Killed a rime drake
  5188 | D:8      | Found a staircase to the Lair.
  5191 | D:8      | Noticed a polar bear
  5202 | D:8      | Reached skill level 7 in Shapeshifting
  5204 | D:8      | Killed a polar bear
  5838 | D:9      | Found an opulent altar of Gozag.
  5860 | D:9      | Reached skill level 5 in Dodging
  5988 | D:9      | Reached XP level 10. HP: 82/84 MP: 12/12
  6041 | D:9      | Found an ancient bone altar of Kikubaaqudgha.
  6203 | D:9      | Found a runed translucent door.
  6212 | D:9      | Reached skill level 5 in Fighting
  6212 | D:9      | Reached skill level 5 in Invocations
  6245 | D:9      | Reached skill level 8 in Shapeshifting
  6276 | D:9      | Noticed a brown ugly thing
  6291 | D:9      | Killed a red ugly thing
  6315 | D:9      | Noticed a deep elf pyromancer
  6334 | D:9      | Killed a deep elf pyromancer
  6368 | D:9      | Noticed a boulder beetle
  6401 | D:9      | Killed a boulder beetle
  6405 | D:9      | Found a runed translucent door.
  6655 | D:10     | Entered Level 10 of the Dungeon
  6813 | D:10     | Reached XP level 11. HP: 81/94 MP: 14/14
  6814 | D:10     | Reached skill level 9 in Shapeshifting
  6843 | D:10     | Found a hazy altar of Hepliaklqana.
  6895 | D:10     | HP: 4/94 [killer bee (8)]
  6896 | D:10     | HP: 1/94 [killer bee (8)]
  6970 | D:10     | Found a radiant altar of Vehumet.
  7007 | D:10     | Found a stormy altar of Qazlal.
  7154 | D:11     | Noticed a brown ugly thing
  7163 | D:11     | Killed a cyan ugly thing
  7214 | D:11     | Learned a level 2 spell: Blink
  7215 | D:11     | Reached ***** piety under Hepliaklqana
  7293 | D:11     | Noticed a two-headed ogre
  7302 | D:11     | Killed a two-headed ogre
  7367 | D:11     | Found a staircase to the Orcish Mines.
  7607 | D:11     | Reached skill level 1 in Spellcasting
  7853 | D:12     | Shot with an arrow by a centaur

Illustrated notes

Levels and vault maps discovered:
D:1:      nzn_arrival_crosshair, layout_basic, chequers_ecumenical_altar_twisty
D:2:      layout_rooms
D:3:      layout_loops_ring, st_stairs_4, minmay_strange_pillars,
          reono_crystal_passage
D:4:      layout_basic
D:5:      layout_basic, zin_academy, nicolae_elyvilon_peaceful_grove,
          minmay_temple_entry_gardened_gates, uniq_menkaure
D:6:      layout_rooms, mainiacjoe_overflow_six_doors_small, okawaru_trees_1,
          minitemple
D:7:      layout_basic, general_overflow_altar, hex_tiny,
          uniq_crazy_yiuf_cottage
D:8:      layout_basic, hellmonk_lair_entry_icy
D:9:      cheibrodos_histonic, layout_loops_cross,
          mainiacjoe_overflow_concentric_impassable,
          mainiacjoe_overflow_catwalk, minmay_misc_feat_plants
D:10:     layout_rooms, mainiacjoe_overflow_cross_hatched,
          mainiacjoe_overflow_alcove_2, mainiacjoe_overflow_chevrons,
          st_stairs_13
D:11:     layout_cave_pools, erik_orc_3
D:12:     layout_basic, uniq_erolcha, uniq_urug, uniq_fannar

Skill      XL: |  1  2  3  4  5  6  7  8  9 10 11 |
---------------+----------------------------------+-----
Fighting       | 1 2 3 4 5 6 |  6.5
Dodging        | 2 3 4 5 6 |  6.7
Invocations    | 1 2 3 4 6 |  6.7
Shapeshifting  | 4 5 6 7 8 9 |  9.8
Unarmed Combat | 4 5 6 7 8 |  8.2
Spellcasting   | 1 |  1.2

Action                     |  1- 3 |  4- 6 |  7- 9 | 10-12 || total
---------------------------+-------+-------+-------+-------++-------
  Melee: Unarmed           |    85 |    73 |   140 |   222 ||   520
         Punch             |       |     2 |     2 |       ||     4
         Constrict         |       |       |       |    16 ||    16
  Throw: Large rock        |       |       |     2 |     1 ||     3
 Invoke: Ancestor Life: Ba |     1 |       |       |       ||     1
         Transference      |       |       |       |     1 ||     1
    Use: Scroll            |       |       |       |    14 ||    14
         Potion            |       |       |       |     3 ||     3
   Stab: Sleeping          |     1 |       |       |       ||     1
         Distracted        |       |       |     3 |     1 ||     4
 Armour: Animal skin       |    25 |    12 |    25 |     1 ||    63
         Troll leather arm |       |       |       |    31 ||    31
         Skin              |       |       |       |    17 ||    17
  Dodge: Dodged            |    36 |    37 |    66 |   165 ||   304
   Form: Flux              |       |       |       |     1 ||     1
         Anaconda          |       |       |       |     1 ||     1
         Maw               |       |       |       |     1 ||     1

Table legend: (Time is in decaauts)
 A = Elapsed time spent in this place.
 B = Non-inter-level travel time spent in this place.
 C = Inter-level travel time spent in this place.
 D = Time resting spent in this place.
 E = Time spent auto-exploring this place.
 F = Levels seen in this place.
 G = Mean time per level.
                   A        B        C        D        E       F      G
               +--------+--------+--------+--------+--------+-----+--------+
         Total |   7800 |   7587 |    213 |    112 |   5742 |  12 |  650.0 |
       Dungeon |   7800 |   7587 |    213 |    112 |   5742 |  12 |  650.0 |
               +--------+--------+--------+--------+--------+-----+--------+

Top non-repeatable levels by time:
     D:5: 964 daAuts
     D:1: 894 daAuts
     D:4: 851 daAuts
     D:9: 848 daAuts
     D:7: 823 daAuts
     D:8: 802 daAuts
    D:11: 619 daAuts
     D:3: 594 daAuts
    D:10: 491 daAuts
     D:2: 427 daAuts
     D:6: 415 daAuts
    D:12: 67 daAuts
